 Dungeon Crawl Stone Soup version 0.17-a0-913-g36eb389 (webtiles) character file.

1390 hornqvist the Covert (level 8, -8/54 HPs)
             Began as an Octopode Assassin on May 3, 2015.
             Was an Initiate of Gozag.
             Splashed by a jelly's acid (11 damage)
             ... on level 4 of the Dungeon.
             The game lasted 00:08:58 (6348 turns).

hornqvist the Covert (Octopode Assassin)            Turns: 6348, Time: 00:08:58

Health: -8/54      AC: -4    Str: 12    XL:     8   Next: 68%
Magic:  9/9        EV: 17    Int: 13    God:    Gozag
Gold:   159        SH:  0    Dex: 14    Spells: 1 memorised, 6 levels left

rFire  . . .     SeeInvis .     a - +2 dagger
rCold  . . .     Clarity  .     (no shield)
rNeg   . . .     SustAb   .     (helmet restricted)
rPois  .         Gourm    .     (no amulet)
rElec  .         Spirit   .     f - +4 ring of evasion
rCorr  .         Warding  .     (no ring)
rMut   .         Stasis   .     (no ring)
MR     .....                    (no ring)
Stlth  +++++++...               (no ring)
                                (no ring)
                                (no ring)
                                (no ring)

@: corroded equipment, not resistant to hostile enchantments, extremely stealthy
A: almost no armour, amphibious, 8 rings, constrict 8, camouflage 1, gelatinous
body 1
a: Potion Petition, Call Merchant, Bribe Branch, Renounce Religion


You were on level 4 of the Dungeon.
You worshipped Gozag.
Gozag was noncommittal.
You were not hungry.

You visited 2 branches of the dungeon, and saw 7 of its levels.

You collected 243 gold pieces.
You paid 84 gold pieces to Gozag.

Inventory:

Hand weapons
 a - a +2 dagger (weapon)
 b - a +0 blowgun
Missiles
 c - 48 poisoned needles
 d - 2 curare-tipped needles
Jewellery
 f - a +4 ring of evasion (left tentacle)
 o - an uncursed ring of fire
Magical devices
 y - a wand of polymorph (19)
 D - a wand of cold (5)
Scrolls
 g - a scroll of fog
 i - 2 scrolls of remove curse
 l - 4 scrolls of enchant weapon
 m - a scroll of teleportation
 p - a scroll of fear
 q - 3 scrolls of identify
 A - a scroll of magic mapping {unknown}
Potions
 j - a potion of degeneration {unknown}
 n - a potion of poison {unknown}
 t - a potion of lignification {unknown}
 u - a potion of heal wounds {unknown}
 w - 2 potions of brilliance {unknown}
 x - 5 potions of curing
 z - a potion of flight {unknown}
 C - a potion of resistance
Books
 k - a book of Dreams

   Spells                             Type                      Level
   a - Ensorcelled Hibernation        Hexes/Ice                    2
   b - Flight                         Charms/Air                   3
   c - Phase Shift                    Translocation                5
   d - Shadow Creatures               Summoning                    5
   e - Mass Confusion                 Hexes                        6
   f - Darkness                       Hexes                        7
Comestibles
 e - 7 bread rations
 h - 2 slices of pizza
 r - a beef jerky
 s - 3 meat rations
 v - 4 fruits


   Skills:
 - Level 4.0 Fighting
 - Level 2.0 Throwing
 - Level 3.2 Dodging
 - Level 13.1 Stealth
 + Level 0.6 Spellcasting
 + Level 1.2 Hexes
 + Level 1.1 Ice Magic


You had 6 spell levels left.
You knew the following spells:

 Your Spells              Type           Power        Failure   Level  Hunger
a - Ensorcelled Hibernat  Hex/Ice        #.....       30%         2    ###....


Dungeon Overview and Level Annotations

Branches:
Dungeon (6/15)             Temple (1/1) D:5

Altars:
Cheibriados
Dithmenos
Elyvilon
Fedhas
Gozag
Okawaru
Qazlal
Vehumet
Xom
Yredelemnul

Shops:
D:4 [   D:6 (


Innate Abilities, Weirdness & Mutations

You cannot wear most types of armour.
You are amphibious.
You can wear up to eight rings at the same time.
You can use your tentacles to constrict eight enemies at once.
Your skin changes colour to match your surroundings (Stealth).
Your rubbery body absorbs attacks (AC +1).


Message History

MP restored: 9
There is a stone staircase leading up here.
The jelly hits you but does no damage.
You climb upwards.
There is a stone staircase leading down here.
The jelly closely misses you.
You hit the jelly. The jelly hits you.
* * * LOW HITPOINT WARNING * * *
You are splashed with acid!
The acid burns!
* * * LOW HITPOINT WARNING * * *
You take 18 damage, and have 5/54 hp.
MASSIVE DAMAGE!!
You hit the jelly. The acid corrodes your equipment!
The jelly barely misses you.
You completely miss the jelly. You squeeze the jelly!
The jelly barely misses you.
You hit the jelly. The jelly hits you.
* * * LOW HITPOINT WARNING * * *
You are splashed with acid!
The acid burns!
You die...
Your body crumbles into a pile of gold.

#........# #.#
####.#.##
#........#
#.########........
#........#
#........#.##.#.##
##########
#.#......#.##.#.##
#.#[.###...##.#.##
#.#.)'∩#...##.#...
#.#).###...##.####
#.#........##.#...
#@##.....####.####
#J##.##### #.#
#>...# #.####
###### #.....
######


You could see a jelly.

Vanquished Creatures
  Sigmund (D:3)
  A phantom (D:6)
  An ogre (D:4)
  A giant frog (D:6)
  3 wights (D:3)
  An orc priest (D:4)
  A giant frog skeleton (D:6)
  A giant frog zombie (D:5)
  2 hounds
  7 orc wizards
  Jessica (D:3)
  Terence (D:3)
  A centaur skeleton (D:4)
  Natasha (thrice) (D:3)
  2 iguanas
  2 worker ants
  A killer bee zombie (D:6)
  A worker ant zombie (D:3)
  Robin (D:4)
  9 adders
  4 oozes
  2 adder skeletons
  6 worms
  9 giant geckos
  22 orcs
  13 bats
  A bat skeleton (D:5)
  A bat zombie (D:5)
  20 goblins
  13 hobgoblins
  4 jackals (D:3)
  8 kobolds
  A quokka (D:3)
  4 ball pythons
  5 giant cockroaches
  A giant gecko skeleton (D:3)
  7 giant newts
  9 rats
171 creatures vanquished.

Notes
Turn   | Place    | Note
--------------------------------------------------------------
     0 | D:1      | hornqvist, the Octopode Assassin, began the quest for the Orb.
     0 | D:1      | Reached XP level 1. HP: 14/14 MP: 1/1
   424 | D:1      | Reached skill level 6 in Stealth
   424 | D:1      | Reached XP level 2. HP: 9/19 MP: 2/2
  1250 | D:2      | Reached XP level 3. HP: 24/24 MP: 3/3
  1342 | D:2      | Reached skill level 7 in Stealth
  1371 | D:2      | Reached XP level 4. HP: 29/29 MP: 4/4
  1683 | D:2      | Reached skill level 8 in Stealth
  1985 | D:3      | Reached XP level 5. HP: 22/34 MP: 5/5
  2154 | D:3      | Noticed Terence
  2157 | D:3      | Noticed Sigmund
  2170 | D:3      | Killed Terence
  2170 | D:3      | Reached skill level 9 in Stealth
  2189 | D:3      | Killed Sigmund
  2189 | D:3      | Reached skill level 10 in Stealth
  2189 | D:3      | Reached XP level 6. HP: 28/39 MP: 6/6
  2428 | D:3      | Reached skill level 11 in Stealth
  2493 | D:3      | Reached XP level 7. HP: 45/45 MP: 7/7
  2725 | D:3      | Noticed Natasha
  2733 | D:3      | Killed Natasha
  2876 | D:3      | Noticed Jessica
  2888 | D:3      | Killed Jessica
  3485 | D:3      | Noticed Natasha
  3492 | D:3      | Killed Natasha
  3533 | D:3      | Reached skill level 12 in Stealth
  3702 | D:3      | Noticed Natasha
  3708 | D:3      | Killed Natasha
  4089 | D:4      | Noticed Robin
  4719 | D:4      | Found Pahicr Fosh's Antique Armour Boutique.
  4732 | D:4      | Reached XP level 8. HP: 31/51 MP: 8/8
  4925 | D:4      | Killed Robin
  5372 | D:5      | Entered Level 5 of the Dungeon
  5519 | D:5      | Found a staircase to the Ecumenical Temple.
  5752 | D:6      | Reached skill level 13 in Stealth
  6016 | D:6      | Learned a level 2 spell: Ensorcelled Hibernation
  6026 | D:6      | Found Ynlorydu's Antique Weapon Shop.
  6085 | Temple   | Entered the Ecumenical Temple
  6101 | Temple   | Became a worshipper of Gozag Ym Sagoz the Greedy
  6210 | D:5      | Reached skill level 1 in Hexes
  6327 | D:5      | Reached skill level 1 in Ice Magic
  6348 | D:4      | Splashed by a jelly's acid

Action                   |  1- 3 |  4- 6 |  7- 9 || total
-------------------------+-------+-------+-------++-------
Melee: Dagger            |    60 |    68 |   257 ||   385
 Fire: Blowgun           |     2 |    13 |    26 ||    41
  Use: Scroll            |     1 |       |     7 ||     8
       Potion            |       |     1 |     1 ||     2
 Stab: Sleeping          |    13 |     8 |    31 ||    52
       Distracted        |       |       |     3 ||     3
  Eat: Chunk             |     1 |     4 |    12 ||    17
